AoeStats
← LMB. LouisLitt

Arabia

510195233Analyzed
1v1 RM · 3d ago on Sep 29, 2026· 39m 25s· 2 players
Game mode
Random Map
Map size
Tiny (2 player)
Population
200
Speed
Normal
Resources
Standard
Victory
Conquest
Starting age
Dark Age
Ending age
Imperial Age
RankedLock teamsTeams togetherTeam positionsShared explorationLock speedFull tech treeHidden civsTurbo modeCheats
Victory
Defeat
🇨🇦 Hindustanis · Canada
1305
+16
🇦🇷 Saxons · Argentina
1311
-16
LMB. LouisLitt
6:13 Loom
8:46 Feudal Age
10:10 Double-Bit Axe
23:34 Castle Age
22:08 Fletching
22:30 Stone Mining
22:21 Horse Collar
23:50 Padded Archer Armor
24:14 Bodkin Arrow
23:45 Crossbowman
25:21 Bow Saw
26:10 Town Watch
30:40 Scale Mail Armor
32:27 Forging
32:59 Gold Mining
33:11 Heavy Plow
33:55 Chain Mail Armor
35:50 Iron Casting
35:22 Squires
36:43 Bloodlines
36:33 Husbandry
40:14 Wheelbarrow
42:21 Imperial Age
42:33 Imperial Age
Otto Caries
5:42 Loom
8:47 Feudal Age
9:14 Man-at-Arms
13:11 Double-Bit Axe
14:55 Arson
18:03 Scale Mail Armor
18:14 Forging
18:47 Town Watch
25:57 Castle Age
24:36 Stone Mining
26:08 Horse Collar
26:28 Fletching
27:30 Wheelbarrow
27:13 Bow Saw
27:30 Gambesons
27:46 Squires
29:18 Chain Mail Armor
31:42 Forging
31:53 Bodkin Arrow
32:54 Forging
Connection lost

Rejoining the realm…

Still unreachable

The connection could not be restored.

Session expired

The server has moved on; the page needs a fresh start.